 Dungeon Crawl Stone Soup version 0.26-a0-720-g2a1d101370 (webtiles) character file.

Game seed: 16429738797653823456

926 snetch the Chopper (level 8, -1/69 HPs)
             Began as a Hill Orc Monk on Nov 3, 2020.
             Slain by a quokka zombie (3 damage)
             ... on level 6 of the Dungeon on Nov 4, 2020.
             The game lasted 00:20:57 (7351 turns).

snetch the Chopper (Hill Orc Monk)                  Turns: 7351, Time: 00:20:57

Health: -1/69      AC: 11    Str: 16    XL:     8   Next: 10%
Magic:  8/8        EV:  8    Int: 10    God:
Gold:   291        SH:  0    Dex: 13    Spells: 7/7 levels left

rFire    . . .     SeeInvis +   b - +2 whip (freeze)
rCold    . . .     Faith    .   (no shield)
rNeg     . . .     Spirit   .   L - +0 chain mail
rPois    .         Reflect  .   M - +0 helmet
rElec    .         Harm     .   (no cloak)
rCorr    .         Rampage  .   (no gloves)
MR       +....                  e - +0 pair of boots
Stlth    ..........             (no amulet)
HPRegen  0.21/turn              r - ring of see invisible
MPRegen  0.11/turn              I - ring of protection from magic

@: no status effects
A: no striking features
a: no special abilities


You were on level 6 of the Dungeon.
You visited 2 branches of the dungeon, and saw 7 of its levels.
You also visited: Sewer.

You collected 291 gold pieces.

Inventory:

Hand Weapons
 a - a +0 hand axe
 b - a +2 whip of freezing (weapon)
 f - a +0 flail
 x - a +0 spear
 E - a +0 morningstar
 F - a +0 scythe
Missiles
 c - 278 stones
 h - 48 arrows
 i - 24 sling bullets
 y - 48 bolts
 B - 22 poisoned darts (quivered)
 K - 5 boomerangs
Armour
 e - a +0 pair of boots (worn)
 L - a +0 chain mail (worn)
 M - a +0 helmet (worn)
Jewellery
 r - a ring of see invisible (left hand)
 w - an uncursed ring of positive energy
 G - an uncursed ring of wizardry
 I - a ring of protection from magic (right hand)
Wands
 o - a wand of random effects (9)
Scrolls
 d - 4 scrolls of enchant armour {unknown}
 j - 3 scrolls of teleportation
 l - 3 scrolls of immolation {unknown}
 m - 3 scrolls of remove curse {unknown}
 p - 8 scrolls of identify
 s - 2 scrolls of noise {unknown}
 A - 2 scrolls of fear {unknown}
 D - a scroll of enchant weapon {unknown}
 J - 3 scrolls of magic mapping {unknown}
Potions
 g - 3 potions of heal wounds {unknown}
 k - 3 potions of stabbing
 n - a potion of mutation
 q - 3 potions of flight
 t - a potion of berserk rage {unknown}
 u - a potion of haste {unknown}
 v - 2 potions of brilliance {unknown}
 z - a potion of ambrosia {unknown}
 C - 2 potions of curing
 H - a potion of lignification {unknown}


   Skills:
 + Level 5.4 Fighting
 + Level 7.9(8.1) Axes
 + Level 1.9(4.5) Maces & Flails
 + Level 0.1 Throwing
 + Level 3.7 Armour
 + Level 3.9 Dodging
 + Level 3.1 Stealth
 + Level 0.5 Evocations


You had 7 spell levels left.
You didn't know any spells.
Your spell library was empty.

Dungeon Overview and Level Annotations

Branches:
Dungeon (6/15)             Temple (1/1) D:6           Sewer (visited)

Altars:
Ashenzari
Cheibriados
Dithmenos
Elyvilon
Fedhas
Gozag
Hepliaklqana
Kikubaaqudgha
Makhleb
Nemelex Xobeh
Okawaru
Qazlal
Ru
Sif Muna
Trog
Uskayaw
Vehumet
Wu Jian
Xom
Yredelemnul
Zin
The Shining One

Annotations:
D:6 Maggie


Message History

Maggie is moderately wounded.
Maggie closely misses you.
You completely miss Maggie.
Maggie is moderately wounded.
Maggie gestures at you while chanting. The bolt of fire hits you!
* * * LOW HITPOINT WARNING * * *
As you read the scroll of teleportation, it crumbles to dust.
You feel strangely unstable.
Maggie hits you with the +9 lance "Wyrmbane" {slay drac, rPois rF+ rC+ AC+3}.
* * * LOW HITPOINT WARNING * * *
Maggie gestures wildly while chanting.
Maggie attempts to bespell you!
You are mesmerised by Maggie!
You cannot move away from Maggie!
You cannot move away from Maggie!
Your surroundings suddenly seem different.
You are no longer entranced.
The quokka zombie bites you.
You die...

######## #########
###### .......#
#.......# #.....
.......# #.....?.#
#..... .......#
#..Z....# #.....
.......# #Z@.....#
#..... .......#
#.....?.# #.....
.......# #.......#
#.....
.......########.......#
#.....
######...........######
#.....
.....#...........+
#.....
.....#...........#
#.....
.....'...........#
......#.....
.....#...........#
.....#.....


You could see a quokka zombie and a leopard gecko skeleton.

Vanquished Creatures
  Sigmund (D:3)
  A big kobold (Sewer)
  A bullfrog (D:2)
  A scorpion (D:6)
  A killer bee (D:5)
  A howler monkey (D:4)
  A crimson imp (D:6)
  A centaur zombie (D:6)
  2 iguanas (D:5)
  4 orc wizards
  2 worker ants (D:6)
  A river rat (Sewer)
  7 adders
  A white imp (D:5)
  2 oozes
  An adder skeleton (D:4)
  2 worms
  3 dart slugs
  5 leopard geckos
  9 orcs
  A ball python (D:1)
  12 bats
  8 giant cockroaches
  5 goblins
  9 hobgoblins
  16 jackals
  8 frilled lizards
  A giant cockroach zombie (D:5)
  14 kobolds
  A leopard gecko skeleton (D:5)
  8 rats
130 creatures vanquished.

Vanquished Creatures (others)
  An orc wizard (D:5)
1 creature vanquished.

Grand Total: 131 creatures vanquished

Notes
Turn   | Place    | Note
-------+----------+-------------------------------------------
     0 | D:1      | snetch the Hill Orc Monk began the quest for the Orb.
     0 | D:1      | Reached XP level 1. HP: 19/19 MP: 1/1
   105 | D:1      | Reached XP level 2. HP: 27/27 MP: 2/2
   429 | D:2      | Found a shimmering altar of Xom.
   435 | D:2      | Reached XP level 3. HP: 33/33 MP: 3/3
   456 | D:2      | Found a stormy altar of Qazlal.
  1180 | D:2      | Noticed a bullfrog
  1209 | D:2      | Killed a bullfrog
  1209 | D:2      | Reached skill level 5 in Axes
  1209 | D:2      | Reached XP level 4. HP: 7/41 MP: 4/4
  1209 | D:2      | Reached XP level 5. HP: 8/47 MP: 5/5
  2827 | D:3      | You fall into a shaft and drop 2 floors!
  2827 | D:5      | Entered Level 5 of the Dungeon
  2942 | D:4      | Found a glowing drain.
  2972 | Sewer    | Entered a sewer
  2980 | Sewer    | HP: 1/47 [river rat (4)]
  2987 | Sewer    | Reached skill level 6 in Axes
  3340 | Sewer    | Noticed a big kobold
  3368 | Sewer    | Killed a big kobold
  3368 | Sewer    | Reached XP level 6. HP: 40/53 MP: 6/6
  3369 | Sewer    | Reached skill level 1 in Armour
  3474 | Sewer    | Found a glowing silver altar of Zin.
  3770 | D:3      | Noticed Sigmund
  3809 | D:3      | Killed Sigmund
  4013 | D:3      | Reached XP level 7. HP: 60/60 MP: 7/7
  4040 | D:3      | Found a glowing golden altar of the Shining One.
  4040 | D:3      | Found a glowing silver altar of Zin.
  4040 | D:3      | Found a white marble altar of Elyvilon.
  4399 | D:4      | Reached skill level 7 in Axes
  4884 | D:5      | Reached skill level 5 in Fighting
  5305 | D:5      | Found a hazy altar of Hepliaklqana.
  6364 | D:5      | Reached skill level 1 in Maces & Flails
  6890 | D:6      | Reached XP level 8. HP: 54/69 MP: 8/8
  6966 | D:6      | Found a sparkling altar of Nemelex Xobeh.
  7056 | D:6      | Found a burning altar of Makhleb.
  7056 | D:6      | Found a radiant altar of Vehumet.
  7245 | D:6      | Found a staircase to the Ecumenical Temple.
  7250 | Temple   | Entered the Ecumenical Temple
  7328 | D:6      | Noticed Maggie
  7348 | D:6      | HP: 2/69 [Maggie/bolt of fire (13)]
  7351 | D:6      | Slain by a quokka zombie

Illustrated notes

Levels and vault maps discovered:
D:1:      saegor_arrival_simple_e, layout_loops_cross, minmay_split_cup_small
D:2:      layout_basic, xom_butterflies, overflow_temple_1_default
D:3:      layout_basic, good_gods_mini_temple, uniq_sigmund
D:4:      layout_loops_ring, portal_sewer_entry_d
D:5:      layout_loops_ring, lemuel_doored_altar, kennysheep_potato
D:6:      layout_gridville, grunt_temple_overflow_lords_of_destruction,
          nemelex_xobeh_ov_fountains_minmay, temple_statues,
          minmay_misc_feat_ornament, uniq_maggie
Temple:   nicolae_temple_god_jail

Skill      XL: |  1  2  3  4  5  6  7 |
---------------+----------------------+-----
Fighting       | 4 5 |  5.4
Dodging        | 3 |  3.9
Axes           | 5 6 7 |  7.9
Stealth        | 2 3 |  3.1
Armour         | 2 3 |  3.7
Maces & Flails | 1 |  1.9
Throwing       | |  0.1
Evocations     | |  0.5

Action                   |  1- 3 |  4- 6 |  7- 9 || total
-------------------------+-------+-------+-------++-------
Melee: Hand axe          |   118 |   196 |   174 ||   488
       Whip              |       |       |    69 ||    69
Throw: Dart              |       |       |    13 ||    13
Evoke: Wand              |     3 |     3 |     5 ||    11
  Use: Potion            |       |       |     3 ||     3
       Scroll            |       |       |     3 ||     3
 Stab: Sleeping          |     1 |     9 |     1 ||    11
       Paralysed         |     2 |     5 |       ||     7
Armor: Robe              |    29 |     8 |       ||    37
       Leather armour    |       |    26 |       ||    26
       Ring mail         |       |     7 |    32 ||    39
       Chain mail        |       |       |    65 ||    65
Dodge: Dodged            |    82 |   114 |   112 ||   308

Table legend: (Time is in decaauts)
 A = Elapsed time spent in this place.
 B = Non-inter-level travel time spent in this place.
 C = Inter-level travel time spent in this place.
 D = Time resting spent in this place.
 E = Time spent auto-exploring this place.
 F = Levels seen in this place.
 G = Mean time per level.
                   A        B        C        D        E       F      G
               +--------+--------+--------+--------+--------+-----+--------+
         Total |   7387 |   6960 |    427 |    289 |   4890 |   8 |  923.4 |
       Dungeon |   6747 |   6333 |    414 |      0 |   4626 |   6 | 1124.5 |
        Temple |     71 |     58 |     13 |      0 |     57 |   1 |   71.0 |
         Sewer |    568 |    568 |      0 |    289 |    207 |   1 |  568.0 |
               +--------+--------+--------+--------+--------+-----+--------+

Top non-repeatable levels by time:
     D:5: 1792 daAuts
     D:2: 1718 daAuts
     D:1: 1018 daAuts
     D:3: 824 daAuts
     D:6: 721 daAuts
     D:4: 671 daAuts
   Sewer: 568 daAuts
  Temple: 71 daAuts
